 Dungeon Crawl Stone Soup version 0.27-a0-1217-g8a41f320e8 (webtiles) character file.

Game seed: 13122093123134016074

334962 freelancePsychic the End of an Era (level 21, -4/124 HPs)
             Began as a Gargoyle Fighter on June 5, 2021.
             Was the Champion of Qazlal.
             Slain by an apocalypse crab (6 damage)
             ... while paralysed by accursed screaming
             ... on level 3 of the Abyss.
             The game lasted 01:17:26 (29725 turns).

freelancePsychic the End of an Era (GrFi)          Turns: 29725, Time: 01:17:27

Health: -4/124     AC: 56    Str: 29    XL:     21   Next: 85%
Magic:  36/36      EV:  2    Int: 14    God:    Qazlal [******]
Gold:   2946       SH:  0    Dex: 13    Spells: 20/20 levels left

rFire    + . .     SeeInvis .   a - +9 great mace (holy)
rCold    . . .     Faith    +   (shield currently unavailable)
rNeg     + + .     Spirit   .   u - +8 orange crystal plate armour {Archmagi, Int+3 Clar}
rPois    ∞         Reflect  .   c - +2 hat
rElec    +         Harm     .   A - +0 cloak "Kumoz" {rF+ Regen+ Stlth+}
rCorr    .         Rampage  .   l - +2 pair of gloves {archery}
Will     +....     Clarity  +   e - +1 pair of boots
Stlth    ..........             N - amulet of Dishonour {Faith rElec rN+ Str+3}
HPRegen  2.30/turn              i - +4 ring of evasion
MPRegen  0.25/turn              I - +4 ring of evasion

@: paralysed, mighty, protected from electricity, flying, hasted, studying
Polearms, silenced, repel missiles
A: sickness immunity, AC +16, big wings, negative energy resistance 1,
electricity resistance, torment resistance 1, petrification resistance, claws 1,
large bone plates 1, frail 1, regeneration 1, strong 1, [berserk 1]
}: 2/15 runes: decaying, gossamer
a: Renounce Religion


You were on level 3 of the Abyss.
You worshipped Qazlal.
Qazlal was exalted by your worship.
You visited 6 branches of the dungeon, and saw 34 of its levels.
You visited the Abyss 1 time.
You visited 1 bazaar.
You also visited: Ice Cave.

You collected 4695 gold pieces.
You spent 1749 gold pieces at shops.

Inventory:

Hand Weapons
 a - a +9 great mace of holy wrath (weapon)
 b - a +12 vampiric great mace
Missiles
 T - a throwing net (quivered)
 X - 8 curare-tipped darts
Armour
 c - a +2 hat (worn)
 e - a +1 pair of boots (worn)
 j - +7 pearl dragon scales
 l - a +2 pair of gloves of archery (worn)
 u - the +8 orange crystal plate armour (worn) {Archmagi, Int+3 Clar}
   (You acquired it on level 2 of the Swamp)

   It affects your intelligence (+3).
   It protects you against confusion.
 A - the +0 cloak "Kumoz" (worn) {rF+ Regen+ Stlth+}
   (You found it on level 5 of the Dungeon)

   It protects you from fire.
   It increases your rate of health regeneration.
   It makes you more stealthy.
Jewellery
 i - a +4 ring of evasion (left hand)
 C - a ring of see invisible
 G - a ring of protection from cold
 I - a +4 ring of evasion (right hand)
 N - the amulet of Dishonour (around neck) {Faith rElec rN+ Str+3}
   (You acquired it on level 2 of the Swamp)

   [amulet of faith]

   It allows you to gain divine favour quickly.
   It affects your strength (+3).
   It insulates you from electricity.
   It protects you from negative energy.
 U - a +6 ring of strength
Wands
 d - a wand of flame (90)
 r - a wand of paralysis (21)
 w - a wand of digging (16)
 y - a wand of iceblast (78)
 J - a wand of acid (20)
 Y - a wand of charming (3)
Scrolls
 h - a scroll of enchant weapon
 n - 5 scrolls of immolation
 p - 3 scrolls of torment
 t - 9 scrolls of fog
 B - 4 scrolls of magic mapping
 K - 19 scrolls of teleportation {@r4}
 L - a scroll of silence
 O - 2 scrolls of brand weapon
 P - 2 scrolls of fear
 Q - a scroll of holy word
 R - 4 scrolls of blinking
 V - a scroll of summoning
 W - 15 scrolls of identify {@r1}
Potions
 f - 9 potions of brilliance
 g - 9 potions of lignification
 k - 4 potions of attraction
 m - 12 potions of curing {@q1}
 o - 5 potions of cancellation
 q - 4 potions of magic
 s - 8 potions of berserk rage
 v - 4 potions of haste {@q3}
 x - 7 potions of ambrosia
 z - a potion of heal wounds {@q2}
 D - 5 potions of mutation
 E - 6 potions of resistance
 F - 4 potions of invisibility
 H - 2 potions of might
 S - 6 potions of degeneration
 Z - 2 potions of flight
Miscellaneous
 M - a phantom mirror


   Skills:
 + Level 16.9 Fighting
 - Level 20.0 Maces & Flails
 - Level 13.1 Armour
 + Level 11.6 Dodging
 - Level 6.8 Shields
 * Level 22.0 Invocations


You had 20 spell levels left.
You didn't know any spells.
Your spell library contained the following spells:

 Spells                   Type           Power      Damage    Failure   Level
 Apportation              Tloc           0%         N/A       99%         1
 Beastly Appendage        Tmut           0%         N/A       99%         1
 Corona                   Hex            0%         N/A       99%         1
 Foxfire                  Conj/Fire      0%         2x1d4     99%         1
 Freeze                   Ice            0%         1d3       99%         1
 Magic Dart               Conj           0%         1d3       99%         1
 Sting                    Tmut/Pois      0%         1d3       99%         1
 Summon Small Mammal      Summ           0%         N/A       99%         1
 Ensorcelled Hibernation  Hex/Ice        0%         N/A       100%        2
 Poisonous Vapours        Pois/Air       0%         N/A       100%        2
 Searing Ray              Conj           0%         3d3       100%        2
 Wereblood                Tmut           0%         N/A       100%        2
 Confusing Touch          Hex            0%         N/A       100%        3
 Conjure Flame            Conj/Fire      0%         6-21      100%        3
 Dazzling Flash           Conj/Hex       0%         N/A       100%        3
 Gell's Gravitas          Tloc           0%         N/A       100%        3
 Ignite Poison            Fire/Tmut/Pois 0%         N/A       100%        3
 Inner Flame              Hex/Fire       0%         N/A       100%        3
 Mephitic Cloud           Conj/Pois/Air  0%         N/A       100%        3
 Spider Form              Tmut/Pois      0%         N/A       100%        3
 Tukima's Dance           Hex            0%         N/A       100%        3
 Animate Armour           Summ/Erth      0%         N/A       100%        4
 Dispel Undead            Necr           0%         3d6       100%        4
 Fulminant Prism          Conj/Hex       0%         3d6       100%        4
 Ice Form                 Ice/Tmut       0%         N/A       100%        4
 Iskenderun's Mystic Bla  Conj/Tloc      0%         2d3       100%        4
 Olgreb's Toxic Radiance  Pois           0%         N/A       100%        4
 Petrify                  Tmut/Erth      0%         N/A       100%        4
 Sticky Flame             Conj/Fire      0%         2d3       100%        4
 Summon Ice Beast         Ice/Summ       0%         N/A       100%        4
 Borgnjor's Vile Clutch   Necr/Erth      0%         N/A       100%        5
 Fireball                 Conj/Fire      0%         3d3       100%        5
 Hydra Form               Tmut           0%         N/A       100%        5
 Iskenderun's Battlesphe  Conj           0%         2d6       100%        5
 Metabolic Englaciation   Hex/Ice        0%         N/A       100%        5
 Silence                  Hex/Air        0%         N/A       100%        5
 Yara's Violent Unravell  Hex/Tmut       0%         3d3       100%        5
 Freezing Cloud           Conj/Ice/Air   0%         6-21      100%        6
 Shadow Creatures         Summ           N/A        N/A       100%        6
 Simulacrum               Ice/Necr       0%         N/A       100%        6
 Starburst                Conj/Fire      0%         8x6d3     100%        6
 Discord                  Hex            0%         N/A       100%        8
 Ignition                 Fire           0%         3d3       100%        8
 Sublimation of Blood     Necr           Unusable   N/A       N/A         2

Dungeon Overview and Level Annotations

Branches:
Dungeon (15/15)            Temple (0/1) D:6            Lair (6/6) D:8
  Swamp (4/4) Lair:2       Spider (4/4) Lair:3        Slime (0/5) Lair:5
    Orc (2/2) D:9             Elf (3/3) Orc:2        Vaults (0/5) D:14
 Depths (0/5) D:15          IceCv (visited)

Altars:
Ashenzari
Cheibriados
Makhleb
Nemelex Xobeh
Qazlal
Ru
Uskayaw
Vehumet
Xom
Jiyva

Shops:
D:7 [   D:10 !(:*   Orc:1 (   Orc:2 (?([

Portals:
Hell: Lair:6

Annotations:
Lair:6 3 runed translucent doors, Buinah's ghost, journeyman DjFE
Elf:2 8 runed translucent doors, Pooter's ghost, adept MiBe
Abyss:3 1 transporter


Innate Abilities, Weirdness & Mutations

You are immune to sickness and miasma.
Your stone body is resilient. (AC +16)
You are immune to poison.
Your large and strong wings let you fly.
You resist negative energy. (rN+)
You are resistant to electric shocks. (rElec)
You are resistant to unholy torment.
You are immune to petrification.
You have sharp fingernails.
You are partially covered in large bone plates. (SH +4)
You are frail. (-10% HP)
Your natural rate of healing is unusually fast.
Your muscles are strong. (Str +2)
[You tend to lose your temper in combat.]


Message History

You barely miss the small abomination.
The small abomination is heavily damaged.
The starspawn tentacle is engulfed in freezing vapours.
The starspawn tentacle grabs you. The starspawn tentacle constricts you.
The apocalypse crab is engulfed in blazing flames.
The ancient zyme closely misses you.
The ancient zyme hits you but does no damage.
You bludgeon the small abomination!!
You destroy the small abomination!
A cacophony of accursed wailing tears at your sanity!
* * * LOW HITPOINT WARNING * * *
You suddenly lose the ability to move!
Tentacles burst from the starspawn's body!
The starspawn tentacle loses its grip on you.
The tentacle pulls you backwards! 2 starspawn tentacles come into view.
The starspawn tentacle grabs you.
* * * LOW HITPOINT WARNING * * *
The starspawn tentacle constricts you.
The apocalypse crab bites you but does no damage.
The apocalypse crab claws you but does no damage.
A cacophony of accursed wailing tears at your sanity!
* * * LOW HITPOINT WARNING * * *
You shrug off the repeated paralysis!
The starspawn tentacle is engulfed in blazing flames.
A starcursed mass splits.
The starcursed mass touches you but does no damage.
The starcursed mass is engulfed in blazing flames.
A starcursed mass splits.
The starcursed mass shudders and is absorbed by its neighbour.
The starspawn tentacle loses its grip on you.
The apocalypse crab is engulfed in blazing flames.
The apocalypse crab bites you.
* * * LOW HITPOINT WARNING * * *
The apocalypse crab shocks you. You resist.
Your resistance to physical damage fades away.
You feel protected from electricity.
* * * LOW HITPOINT WARNING * * *
The apocalypse crab claws you.
You die...

.# . . ## # ....
......# .>.....### #
## #*. # .###XX #...#
?## # .. x.##.XX##.#
##..# ... ..... .#XX##
#...$# . ......
#XXX###X..# # . .
.###X.wtX..###.# # .
##..#..x##XX@x.##...#
. . ....*#.w*X○#©...#
.
.........##XXww.##....
##
..#.###.R.○§..###..# .
# ####...###...# . .
... ....# ##..# . .
...#...## ##. ... .
.##)©# ?# ..... ### ##


You could see 15 starcursed masses, 2 tentacled starspawn, 2 wretched stars, a
rakshasa (strong), 2 ancient zymes, an apocalypse crab and 4 starspawn
tentacles.

Vanquished Creatures
  the Lernaean hydra (Swamp:4)
  Bai Suzhen (Swamp:3)
  Arachne (Spider:2)
  4 bone dragons (Abyss:3)
  3 tentacled monstrosities (Abyss:3)
  2 Executioners (Abyss:3)
  8 tentacled starspawn (Abyss:3)
  Frances (Spider:2)
  Gastronok (D:9)
  Kirke (D:14)
  A fenstrider witch (Swamp:4)
  2 thorn hunters
  A balrug (Abyss:3)
  4 deep elf sorcerers
  Louise (Lair:3)
  An orc warlord (Orc:1)
  A corrupter (Abyss:3)
  6 ghost moths
  8 emperor scorpions
  A cacodemon (Abyss:3)
  2 deep elf elementalists
  A stone giant (D:15)
  2 ophanim (Abyss:3)
  2 deep elf demonologists
  40 starcursed masses (Abyss:3)
  Nessos (D:13)
  A red draconian (Abyss:3)
  4 entropy weavers
  5 bunyips
  4 deep elf annihilators (Elf:3)
  2 green deaths (Abyss:3)
  3 spark wasps (Spider:4)
  3 deep elf death magi
  4 eleionomae (Swamp:4)
  A blizzard demon (Abyss:3)
  Erolcha (D:13)
  A deep elf high priest (Elf:3)
  A great orb of eyes (Abyss:3)
  A shambling mangrove (Swamp:1)
  Harold (D:7)
  An ogre mage (D:10)
  23 hydras
  6 rakshasas (Abyss:3)
  3 boulder beetles
  A catoblepas (Lair:3)
  3 ghost crabs
  2 centaur warriors
  11 dancing weapons
  12 alligators
  6 two-headed ogres
  A death knight (D:14)
  5 orc high priests (Orc:2)
  5 tengu warriors
  6 death yaks
  13 thrashing horrors (Abyss:3)
  8 hell knights (Abyss:3)
  A soul eater (Abyss:3)
  7 deep elf knights
  The ghost of Rohain the Carver, a novice DDFi of Makhleb (D:9)
  Sonja (Lair:4)
  3 sun demons (Abyss:3)
  8 wretched stars (Abyss:3)
  A titan skeleton (Abyss:3)
  4 goliath frogs
  2 sixfirhies
  3 spatial maelstroms (Abyss:3)
  16 swamp dragons
  5 spriggan druids
  A bog body (Swamp:1)
  8 deep elf archers
  3 glowing orange brains
  A phantasmal warrior (Abyss:3)
  21 deep elf zephyrmancers
  A necromancer (IceCv)
  15 deep elf pyromancers
  12 orb spiders
  4 lindwurms
  3 wizards
  9 orc knights
  23 wolf spiders
  4 orc sorcerers
  Pikel (D:6)
  A will-o-the-wisp (Swamp:3)
  4 worldbinders (Abyss:3)
  An orb spider (shapeshifter) (D:15)
  2 manticores
  A frost giant zombie (Abyss:3)
  3 cyclopes
  19 ugly things
  4 apocalypse crabs (Abyss:3)
  29 elephants
  12 black mambas
  13 smoke demons
  4 gargoyles
  3 torpor snails
  3 ice statues (IceCv)
  A stone giant skeleton (Abyss:3)
  A cane toad (shapeshifter) (D:9)
  5 orange demons
  Psyche (D:7)
  An eye of devastation (Abyss:3)
  12 cane toads
  7 rime drakes
  13 ancient zymes (Abyss:3)
  3 tengu conjurers
  14 demonic crawlers
  8 komodo dragons
  16 ice devils
  22 jumping spiders
  2 red devils (Abyss:3)
  6 trolls
  Grinder (D:3)
  3 meliai (D:14)
  4 polar bears
  9 tyrant leeches
  Prince Ribbit (D:5)
  23 dream sheep
  An ice dragon zombie (Abyss:3)
  A wind drake (shapeshifter) (Abyss:3)
  18 hornets
  27 blink frogs
  25 raiju (Abyss:3)
  15 slime creatures
  A snapping turtle (shapeshifter) (Elf:2)
  69 redbacks
  A shadow (Abyss:3)
  4 ynoxinuls (Abyss:3)
  7 wyverns
  2 vampires
  9 spriggans
  4 wraiths
  4 air elementals
  3 hogs (D:14)
  A tarantella (shapeshifter) (Elf:2)
  A yak (shapeshifter) (D:14)
  Eustachio (D:5)
  The ghost of lightspider the Skirmisher, an amateur HOFi (D:4)
  41 tarantellas
  72 yaks
  3 basilisks
  5 chaos spawn (Abyss:3)
  A steam dragon (shapeshifter) (D:14)
  A human (D:14)
  3 steam dragons
  6 vampire mosquitoes
  9 neqoxecs
  7 spatial vortices (Abyss:3)
  9 swamp worms
  A warg (Orc:1)
  36 large abominations (Abyss:3)
  An acid dragon (D:10)
  16 water moccasins
  10 hell hounds
  Edmund (D:5)
  14 small abominations (Abyss:3)
  A floating eye (shapeshifter) (D:9)
  2 cane toad skeletons (Abyss:3)
  34 orc warriors
  2 sky beasts
  A black bear (D:5)
  7 ogres
  8 swamp drakes (Swamp:4)
  2 necrophages (D:7)
  10 centaurs
  13 wolves
  3 lemures (D:6)
  An earth elemental (Abyss:3)
  18 bullfrogs
  A scorpion (D:4)
  4 gnoll sergeants
  21 killer bees
  5 wights (D:5)
  10 howler monkeys
  2 electric eels
  4 quasits (Abyss:3)
  5 centaur zombies
  2 draconian simulacra (IceCv)
  6 hounds
  A bullfrog zombie (D:5)
  A gnoll shaman (D:6)
  4 jellies
  32 orc priests
  2 bullfrog skeletons
  4 centaur skeletons
  2 iron imps (Abyss:3)
  5 iguanas
  Ijyb (D:5)
  Terence (D:1)
  Natasha (D:3)
  10 orc wizards
  A spriggan simulacrum (IceCv)
  2 troll simulacra (IceCv)
  A centaur simulacrum (IceCv)
  14 gnolls
  2 naga simulacra (IceCv)
  2 adders (D:4)
  2 ogre simulacra (IceCv)
  7 white imps
  6 ufetubi
  2 worms
  A dart slug (D:2)
  62 orcs
  7 ball pythons
  13 endoplasms
  A giant cockroach (D:2)
  4 goblins
  7 hobgoblins
  2 jackals (D:3)
  4 quokkas
  A bat (D:1)
  4 frilled lizards
  10 kobolds
  4 rats
  2 briar patches (Swamp:4)
  7 starspawn tentacles (Abyss:3)
1470 creatures vanquished.

Vanquished Creatures (others)
  A deep elf knight (Elf:1)
  A deep elf zephyrmancer (Elf:1)
  A jumping spider (Spider:2)
  3 bloated husks (Swamp:1)
  A human (D:14)
  6 foxfires (Swamp:3)
  15 fungi
  3 lurking horrors (Abyss:3)
  27 plants
  20 starspawn tentacles (Abyss:3)
  6 toadstools (D:4)
84 creatures vanquished.

Grand Total: 1554 creatures vanquished

Notes
Turn   | Place    | Note
-------+----------+-------------------------------------------
     0 | D:1      | freelancePsychic the Gargoyle Fighter began the quest for
                  | the Orb.
     0 | D:1      | Reached XP level 1. HP: 14/14 MP: 1/1
   234 | D:1      | Reached XP level 2. HP: 19/19 MP: 2/2
   986 | D:2      | Noticed Terence
  1023 | D:1      | Killed Terence
  1024 | D:1      | Reached XP level 3. HP: 16/24 MP: 3/3
  1371 | D:2      | You fall into a shaft and drop 1 floor!
  1633 | D:3      | Reached XP level 4. HP: 29/29 MP: 4/4
  1851 | D:3      | Noticed Grinder
  1851 | D:3      | Paralysed by Grinder for 3 turns
  1864 | D:3      | Paralysed by Grinder for 5 turns
  1874 | D:3      | Paralysed by Grinder for 7 turns
  1882 | D:3      | Killed Grinder
  1883 | D:3      | Reached XP level 5. HP: 4/34 MP: 5/5
  1883 | D:3      | Reached XP level 6. HP: 4/39 MP: 6/6
  2167 | D:3      | Noticed Natasha
  2182 | D:3      | Killed Natasha
  2310 | D:3      | Found a faded altar of an unknown god.
  2363 | D:3      | Became a worshipper of Qazlal Stormbringer
  2363 | D:3      | Reached * piety under Qazlal
  3573 | D:4      | Reached skill level 1 in Invocations
  3757 | D:4      | Reached skill level 5 in Maces & Flails
  3757 | D:4      | Reached skill level 5 in Shields
  3757 | D:4      | Reached XP level 7. HP: 18/44 MP: 6/8
  3984 | D:5      | Entered Level 5 of the Dungeon
  3984 | D:5      | Noticed Edmund
  3998 | D:5      | Killed Edmund
  3999 | D:5      | Reached skill level 2 in Invocations
  4339 | D:5      | Noticed Ijyb
  4359 | D:5      | Killed Ijyb
  4363 | D:5      | Reached skill level 3 in Invocations
  4363 | D:5      | Reached XP level 8. HP: 37/48 MP: 8/10
  4453 | D:5      | Identified the +0 cloak "Kumoz" {rF+ Regen+ Stlth+}
  4536 | D:5      | Noticed Prince Ribbit
  4603 | D:5      | Killed Prince Ribbit
  4715 | D:5      | Reached skill level 4 in Invocations
  4733 | D:5      | Reached ** piety under Qazlal
  5321 | D:4      | Reached XP level 9. HP: 52/52 MP: 12/12
  5462 | D:4      | Found a transporter.
  5465 | D:4      | Noticed lightspider's ghost (amateur HOFi)
  5632 | D:4      | Reached skill level 5 in Invocations
  5747 | D:6      | Noticed Pikel
  5751 | D:6      | Killed Pikel
  5752 | D:6      | Reached skill level 6 in Invocations
  5842 | D:6      | Reached *** piety under Qazlal
  5898 | D:5      | Reached skill level 10 in Maces & Flails
  5902 | D:5      | Reached skill level 7 in Invocations
  5902 | D:5      | Reached XP level 10. HP: 58/58 MP: 13/15
  5907 | D:6      | Noticed Eustachio
  5948 | D:4      | Found a transporter.
  5951 | D:4      | Killed lightspider's ghost
  6098 | D:5      | Killed Eustachio
  6229 | D:6      | Found a staircase to the Ecumenical Temple.
  6524 | D:7      | Reached skill level 5 in Fighting
  6566 | D:7      | Reached skill level 8 in Invocations
  6645 | D:7      | Found a stormy altar of Qazlal.
  6742 | D:7      | Found Fiwif's Armour Emporium.
  7029 | D:8      | Noticed a two-headed ogre
  7055 | D:8      | Noticed Harold
  7188 | D:7      | Killed a two-headed ogre
  7247 | D:8      | Noticed Psyche
  7318 | D:7      | Killed Harold
  7319 | D:7      | Reached XP level 11. HP: 64/64 MP: 17/17
  7517 | D:7      | Reached skill level 9 in Invocations
  7523 | D:7      | Killed Psyche
  7627 | D:8      | Found a staircase to the Lair.
  8138 | D:9      | Noticed Gastronok
  8149 | D:9      | Killed Gastronok
  8236 | D:9      | Noticed a two-headed ogre
  8252 | D:9      | Killed a two-headed ogre
  8253 | D:9      | Reached skill level 10 in Invocations
  8284 | D:9      | Found a staircase to the Orcish Mines.
  8304 | D:9      | Found a runed translucent gate.
  8305 | D:9      | Found a runed translucent gate.
  8305 | D:9      | Found a runed translucent gate.
  8306 | D:9      | Noticed a white ugly thing
  8306 | D:9      | Noticed a brown ugly thing
  8307 | D:9      | Noticed a glowing orange brain
  8307 | D:9      | Noticed a brown ugly thing
  8307 | D:9      | Noticed a white ugly thing
  8307 | D:9      | Noticed a white ugly thing
  8307 | D:9      | Noticed a purple ugly thing
  8554 | D:10     | Entered Level 10 of the Dungeon
  8588 | D:10     | Noticed a two-headed ogre
  8595 | D:10     | Killed a two-headed ogre
  8600 | D:10     | Reached XP level 12. HP: 75/75 MP: 19/19
  8692 | D:10     | Found Funybud's Changing Room.
  8802 | D:10     | Identified the +0 plate armour of Edaery {Will++ Int+8
                  | Dex-3}
  8804 | D:10     | Found Jienluom's Book Shop.
  8832 | D:10     | Found Rekaly's Weapon Boutique.
  8869 | D:10     | Found Imailako's Distillery.
  9023 | D:10     | Noticed an ogre mage
  9046 | D:10     | Killed an ogre mage
  9058 | D:10     | Noticed a centaur warrior
  9066 | D:10     | Killed a centaur warrior
  9256 | D:11     | Reached skill level 11 in Invocations
  9338 | D:11     | Noticed a two-headed ogre
  9343 | D:11     | Killed a two-headed ogre
  9358 | D:11     | Noticed a boulder beetle
  9369 | D:11     | Killed a boulder beetle
  9480 | D:11     | Reached **** piety under Qazlal
  9852 | D:11     | Identified Geroequrre's Grimoire of Ensnaring Ice
 10168 | D:12     | Reached skill level 10 in Fighting
 10240 | D:12     | Noticed a two-headed ogre
 10250 | D:12     | Killed a two-headed ogre
 10447 | D:12     | Reached XP level 13. HP: 83/83 MP: 21/21
 10448 | D:12     | Reached skill level 12 in Invocations
 10773 | D:13     | Reached skill level 5 in Armour
 10863 | Orc:1    | Entered Level 1 of the Orcish Mines
 10865 | Orc:1    | Noticed an orc warlord
 10910 | Lair:1   | Entered Level 1 of the Lair of Beasts
 10964 | Lair:1   | Found a frozen archway.
 11061 | IceCv    | Entered an ice cave
 11198 | IceCv    | Reached ***** piety under Qazlal
 11320 | IceCv    | Identified the +1 leather armour "Reakleaf" {Str+4 Slay+2}
 11608 | Lair:1   | Reached skill level 15 in Maces & Flails
 11660 | Lair:1   | Identified the +1 mace of Oozing Pus {vorpal, Contam rElec
                  | rN++ Stlth+}
 12422 | Lair:2   | Gained mutation: Your large and strong wings let you fly.
                  | [Gargoyle growth]
 12422 | Lair:2   | Reached XP level 14. HP: 81/88 MP: 23/23
 12449 | Lair:2   | Found a staircase to the Swamp.
 13087 | Lair:3   | Found a snail-covered altar of Cheibriados.
 13388 | Lair:3   | Identified the +3 spear of the Turnip {vorpal, Fly Will+++
                  | Stlth-}
 13407 | Lair:3   | Found a hole to the Spider Nest.
 13868 | Lair:4   | Noticed Sonja
 13926 | Lair:4   | Killed Sonja
 14444 | Lair:5   | Reached ****** piety under Qazlal
 14670 | Lair:5   | Reached XP level 15. HP: 82/93 MP: 24/24
 14753 | Lair:5   | You are sucked into a shaft and drop 1 floor!
 14753 | Lair:6   | Entered Level 6 of the Lair of Beasts
 14753 | Lair:6   | Found a runed translucent gate.
 14753 | Lair:6   | Found a runed translucent gate.
 14753 | Lair:6   | Found a runed translucent gate.
 14762 | Lair:6   | Noticed Buinah's ghost (journeyman DjFE)
 15022 | Lair:6   | Found a burning altar of Makhleb.
 15343 | Lair:6   | Found a gateway to Hell.
 15356 | Lair:6   | Identified the Papyrus of the Displaced Snowflakes
 15816 | Lair:5   | Identified a scroll of acquirement
 15817 | Lair:5   | Acquired 744 gold pieces
 15850 | Lair:5   | Found a staircase to the Slime Pits.
 15854 | Lair:5   | Found a viscous altar of Jiyva.
 16427 | Orc:1    | Reached skill level 13 in Invocations
 16435 | Orc:1    | Killed an orc warlord
 16548 | Orc:1    | Found Siesuuw's Weapon Shop.
 16620 | Orc:2    | Entered Level 2 of the Orcish Mines
 16677 | Orc:2    | Found a flickering gateway to a bazaar.
 16689 | Bazaar   | Entered a bazaar
 16689 | Bazaar   | Found Zyn Till's Armour Boutique.
 16689 | Bazaar   | Found Vobb's Antique Armour Shop.
 16689 | Bazaar   | Found Nukusopt's Weapon Shop.
 16693 | Bazaar   | Identified the +1 pair of gloves "Nema Gec Xoh" {Harm +Inv
                  | rF- rN+}
 16705 | Bazaar   | Bought pearl dragon scales for 1700 gold pieces
 16824 | Orc:2    | Reached XP level 16. HP: 89/100 MP: 21/25
 16845 | Orc:2    | Reached skill level 1 in Dodging
 17036 | Orc:2    | Found a staircase to the Elven Halls.
 17440 | Orc:2    | Found Qiuvi's Armour Shop.
 17443 | Orc:2    | Found Laepsunt's Antique Weapon Shop.
 17444 | Orc:2    | Found Ruzochacaz's Magic Scroll Boutique.
 17445 | Orc:2    | Found Vaelis's Weapon Shop.
 17684 | D:9      | Found a runed translucent gate.
 17684 | D:9      | Found a runed translucent gate.
 17684 | D:9      | Noticed Rohain's ghost (novice DDFi)
 17688 | D:9      | Found a runed translucent gate.
 17719 | D:9      | Killed Rohain's ghost
 17969 | D:13     | Found a shimmering altar of Xom.
 18088 | D:13     | Noticed Nessos
 18090 | D:13     | Killed Nessos
 18107 | D:13     | Noticed Erolcha
 18115 | D:13     | Killed Erolcha
 18538 | D:13     | Found a broken altar of Ashenzari.
 18538 | D:13     | Found a sparkling altar of Nemelex Xobeh.
 18540 | D:13     | Found a snail-covered altar of Cheibriados.
 18540 | D:13     | Found a sacrificial altar of Ru.
 18540 | D:13     | Found a radiant altar of Vehumet.
 18633 | D:14     | Noticed Kirke
 18647 | D:14     | Killed Kirke
 18648 | D:14     | Reached skill level 14 in Invocations
 19290 | D:14     | Found a gate to the Vaults.
 19540 | D:15     | Entered Level 15 of the Dungeon
 19582 | D:15     | Found a staircase to the Depths.
 19645 | D:15     | Reached skill level 5 in Dodging
 19725 | D:15     | Reached XP level 17. HP: 108/108 MP: 27/27
 20031 | D:7      | Bought a +0 pair of boots for 49 gold pieces
 20647 | Spider:1 | Entered Level 1 of the Spider Nest
 20849 | Spider:1 | Noticed Louise
 20926 | Lair:3   | Killed Louise
 20927 | Lair:3   | Reached skill level 15 in Invocations
 21413 | Spider:2 | Noticed Frances
 21416 | Spider:2 | Noticed Arachne
 21435 | Spider:2 | Killed Frances
 21465 | Spider:2 | Killed Arachne
 21703 | Spider:2 | Identified Kinkam's Catalogue of Evil Weightlessness
 22726 | Spider:4 | Entered Level 4 of the Spider Nest
 22769 | Spider:3 | Reached skill level 16 in Invocations
 22786 | Spider:3 | Reached XP level 18. HP: 91/114 MP: 30/30
 22841 | Spider:4 | Reached skill level 10 in Armour
 23479 | Spider:4 | Got a gossamer rune of Zot
 23586 | Spider:4 | Found a hide-covered altar of Uskayaw.
 23923 | Swamp:1  | Entered Level 1 of the Swamp
 23937 | Swamp:1  | Reached skill level 17 in Invocations
 24482 | Swamp:2  | Acquired 561 gold pieces
 24485 | Swamp:2  | Acquired the amulet of Dishonour {Faith rElec rN+ Str+3}
 24515 | Swamp:2  | Acquired the +8 orange crystal plate armour {Archmagi,
                  | Int+3 Clar}
 24516 | Swamp:2  | Found the +8 orange crystal plate armour {Archmagi, Int+3
                  | Clar}
 24999 | Swamp:3  | Noticed Bai Suzhen
 25017 | Swamp:3  | Killed Bai Suzhen
 25352 | Swamp:4  | Entered Level 4 of the Swamp
 25378 | Swamp:4  | Reached XP level 19. HP: 119/120 MP: 31/31
 25420 | Swamp:4  | Reached skill level 18 in Invocations
 25519 | Swamp:4  | Noticed the 27-headed Lernaean hydra
 25526 | Swamp:4  | Killed the 27-headed Lernaean hydra
 25754 | Swamp:4  | Got a decaying rune of Zot
 26328 | Elf:1    | Entered Level 1 of the Elven Halls
 26592 | Elf:1    | Reached skill level 19 in Invocations
 26857 | Elf:1    | Identified the Papyrus of Supportive Confrontation
 27536 | Elf:2    | Found a radiant altar of Vehumet.
 27696 | Elf:2    | Reached skill level 15 in Fighting
 27704 | Elf:2    | Reached XP level 20. HP: 126/129 MP: 33/33
 27788 | Elf:2    | Found a runed translucent gate.
 27788 | Elf:2    | Found a runed translucent gate.
 27788 | Elf:2    | Found a runed translucent gate.
 27791 | Elf:2    | Noticed Pooter's ghost (adept MiBe)
 27837 | Elf:2    | Found a huge runed translucent gate.
 27837 | Elf:2    | Found a huge runed translucent gate.
 27837 | Elf:2    | Found a huge runed translucent gate.
 27837 | Elf:2    | Found a huge runed translucent gate.
 27837 | Elf:2    | Found a huge runed translucent gate.
 28056 | Elf:3    | Entered Level 3 of the Elven Halls
 28137 | Elf:3    | Cast into level 3 of the Abyss (a deep elf sorcerer)
 28266 | Abyss:3  | Found a blossoming altar of Fedhas.
 28300 | Abyss:3  | Paralysed by a great orb of eyes for 2 turns
 28303 | Abyss:3  | Reached skill level 20 in Invocations
 28306 | Abyss:3  | Paralysed by a great orb of eyes for 3 turns
 28313 | Abyss:3  | Reached skill level 10 in Dodging
 28484 | Abyss:3  | Noticed a bone dragon
 28500 | Abyss:3  | Killed a bone dragon
 28548 | Abyss:3  | Gained mutation: Armour fits poorly on your strangely
                  | shaped body. [a neqoxec]
 28549 | Abyss:3  | Gained mutation: You sometimes lose the ability to read
                  | scrolls when taking damage. [a neqoxec]
 28642 | Abyss:3  | Lost mutation: Armour fits poorly on your strangely shaped
                  | body. [potion of mutation]
 28642 | Abyss:3  | Gained mutation: You occasionally shout uncontrollably at
                  | your foes. [potion of mutation]
 28642 | Abyss:3  | Gained mutation: You are dopey. (Int -2) [potion of
                  | mutation]
 28643 | Abyss:3  | Lost mutation: You are dopey. (Int -2) [potion of mutation]
 28643 | Abyss:3  | Lost mutation: You sometimes lose the ability to read
                  | scrolls when taking damage. [potion of mutation]
 28643 | Abyss:3  | Gained mutation: You are frail. (-10% HP) [potion of
                  | mutation]
 28643 | Abyss:3  | Gained mutation: You have sharp toenails. [potion of
                  | mutation]
 28645 | Abyss:3  | Lost mutation: You occasionally shout uncontrollably at
                  | your foes. [potion of mutation]
 28645 | Abyss:3  | Lost mutation: You have sharp toenails. [potion of
                  | mutation]
 28645 | Abyss:3  | Gained mutation: You sometimes lose the ability to read
                  | scrolls when taking damage. [potion of mutation]
 28645 | Abyss:3  | Gained mutation: You have very sharp teeth. [potion of
                  | mutation]
 28646 | Abyss:3  | Lost mutation: You have very sharp teeth. [potion of
                  | mutation]
 28646 | Abyss:3  | Lost mutation: You sometimes lose the ability to read
                  | scrolls when taking damage. [potion of mutation]
 28646 | Abyss:3  | Gained mutation: You have sharp fingernails. [potion of
                  | mutation]
 28646 | Abyss:3  | Gained mutation: You are partially covered in large bone
                  | plates. (SH +4) [potion of mutation]
 28646 | Abyss:3  | Gained mutation: Your muscles are strong. (Str +2) [potion
                  | of mutation]
 28646 | Abyss:3  | Gained mutation: Your natural rate of healing is unusually
                  | fast. [potion of mutation]
 28736 | Abyss:3  | Noticed a bone dragon
 28770 | Abyss:3  | Killed a bone dragon
 28796 | Abyss:3  | Noticed a bone dragon
 28801 | Abyss:3  | Reached XP level 21. HP: 98/122 MP: 10/35
 28805 | Abyss:3  | Killed a bone dragon
 28813 | Abyss:3  | Reached skill level 21 in Invocations
 28960 | Abyss:3  | Found a corrupted altar of Lugonu.
 28991 | Abyss:3  | Noticed a bone dragon
 29424 | Abyss:3  | Noticed a bone dragon
 29443 | Abyss:3  | Killed a bone dragon
 29493 | Abyss:3  | Paralysed by accursed screaming for 1 turns
 29689 | Abyss:3  | Found a transporter.
 29692 | Abyss:3  | Found a transporter.
 29697 | Abyss:3  | Found a corrupted altar of Lugonu.
 29702 | Abyss:3  | Paralysed by accursed screaming for 1 turns
 29705 | Abyss:3  | Paralysed by accursed screaming for 2 turns
 29710 | Abyss:3  | Reached skill level 22 in Invocations
 29723 | Abyss:3  | Paralysed by accursed screaming for 2 turns
 29725 | Abyss:3  | HP: 5/124 [apocalypse crab (6)]
 29725 | Abyss:3  | HP: 2/124 [apocalypse crab (3)]
 29725 | Abyss:3  | Slain by an apocalypse crab

Illustrated notes

Levels and vault maps discovered:
D:1:      tarquinn_simple_flora_water_b, layout_basic, serial_curves,
          eino_curves_02, eino_curves_04, eino_curves_02,
          chequers_serial_rivers_micro_b, minmay_misc_feat_hallway,
          chequers_serial_rivers_micro_c, minmay_pentomino_p2
D:2:      layout_basic, uniq_terence
D:3:      layout_loops_corners, shapermc_ecumenical_altar_venn, uniq_natasha,
          uniq_grinder
D:4:      cheibrodos_fertilizer, layout_basic, gammafunk_ghost_smash,
          minivault_27, serial_bayou_lagoon_a, amcnicky_mini_pool_small
D:5:      layout_basic, uniq_ijyb, uniq_prince_ribbit1, uniq_edmund
D:6:      layout_gridville, minmay_temple_entry_antechambers, uniq_eustachio,
          uniq_pikel
D:7:      layout_cave_pools, grunt_qazlal_clouds, serial_park,
          serial_park_square1 [serial_park_minivault_5x5_5], serial_park_square3
          [serial_park_minivault_5x5_5], serial_shops, shop_statue,
          minmay_misc_feat_plants
D:8:      layout_cave_pools, dpeg_oklobed_lair, uniq_psyche, uniq_harold
D:9:      layout_cross, orc_0_dummy,
          ploomutoo_gammafunk_ghost_potion_laboratory, uniq_gastronok
D:10:     minmay_chambers_of_sixes, layout_cave_pools, serial_shops,
          nicolae_shop_waterfront, shop, shop, nicolae_transmutations_shop
D:11:     layout_stronghold
D:12:     layout_cave_pools, serial_glass, glass_columns_c, glass_columns_a,
          glass_columns_b
D:13:     layout_basic, special_room [special_room_orc], doesnt_xom_only_xom,
          uniq_erolcha, uniq_nessos
D:14:     layout_loops_corners, erik_vaults_1, dk_noncrumbling_3, uniq_kirke
D:15:     grunt_enter_depths_giant_problem, layout_rooms, serial_bayou_shore_b
Lair:1:   layout_chaotic_city, portal_ice_cave_demonic_guard
Lair:2:   layout_regular_city, palyth_hydra_swamp_entry, st_stairs_13,
          grunt_megastairs_1, serial_bayou_shore_a
Lair:3:   layout_regular_city, spider_nest_entry_a, basic_altar,
          minmay_shattered_shrine
Lair:4:   layout_hall_layers, uniq_sonja
Lair:5:   layout_cave_pods, slime_altar_1
Lair:6:   evil_forest, layout_cave_shapes, gammafunk_ghost_necromancy,
          nicolae_quartered_pool_medium
Swamp:1:  layout_basic_swamp, evilmike_swamp_ruin_house_1
Swamp:2:  layout_basic_swamp, evilmike_swamp_ruin_rubble_1
Swamp:3:  layout_falls_marsh, evilmike_swamp_ruin_house_3, uniq_bai_suzhen
Swamp:4:  swamp_alternative, layout_basic_swamp, swamp_pool5
Spider:1: layout_spider_delve, uniq_louise
Spider:2: layout_spider_delve, uniq_arachne, uniq_frances
Spider:3: layout_spider_delve
Spider:4: guppyfry_spider_rune, nicolae_spider_altar_of_dancing
Orc:1:    layout_caves, gammafunk_ghost_wrathful_warriors, serial_shops, shop,
          minmay_orc_temple_c
Orc:2:    st_orc_pillars, layout_diamond_mine, serial_shops, bzr_in_the_mist
Elf:1:    layout_loops_corners, minmay_elf_sorcery, grunt_ministairs_2,
          grunt_megastairs_2
Elf:2:    layout_loops_cross, ebering_ghost_rock_garden,
          david_defended_altar_elf
Elf:3:    minmay_elf_hall_quartered_circle, layout_geoelf_grid, serial_shops,
          shop, shop_statue, shop, minmay_shop_star
Abyss:3:  base: Vaults:1, guppyfry_abyss_exit_glass_guarded,
          kilobyte_mutagenic_chamber, nicolae_abyss_rune_star_stuff,
          onia_ninara_dug_in_and_dangerous, grunt_abyss_rune_forest_and_sorcery,
          nicolae_abyss_rune_star_stuff, gammafunk_corrupted_shrine

Skill      XL: |  1  2  3  4  5  6  7  8  9 10 11 12 13 14 15 16 17 18 19 20 21 |
---------------+----------------------------------------------------------------+-----
Maces & Flails | 3 4 5 6 7 10 11 13 14 15 18 20 | 20.0
Fighting       | 4 6 8 10 11 12 13 15 16 | 16.9
Armour         | 4 8 9 12 13 | 13.1
Shields        | 4 5 6 |  6.8
Invocations    | 1 3 4 7 8 10 11 12 13 14 16 17 19 20 22 | 22.0
Dodging        | 5 9 10 11 | 11.6

Action                   |  1- 3 |  4- 6 |  7- 9 | 10-12 | 13-15 | 16-18 | 19-21 || total
-------------------------+-------+-------+-------+-------+-------+-------+-------++-------
Melee: Flail             |    83 |    83 |   252 |    10 |       |       |       ||   428
       Great mace        |       |       |       |   356 |   857 |  1226 |  1266 ||  3705
       Unarmed           |       |       |       |     9 |       |       |       ||     9
Throw: Throwing net      |       |       |       |     1 |       |     1 |       ||     2
       Dart              |       |       |       |       |       |     1 |       ||     1
Invok: Upheaval          |       |       |     1 |     9 |     8 |    14 |    20 ||    52
       Disaster Area     |       |       |       |       |     3 |     2 |     8 ||    13
       Elemental Force   |       |       |       |       |       |       |     1 ||     1
Evoke: Wand              |       |       |     3 |       |     1 |       |       ||     4
  Use: Potion            |     2 |       |       |       |       |       |     9 ||    11
       Scroll            |     2 |       |     9 |    11 |    18 |     7 |    12 ||    59
 Stab: Held in net/web   |       |       |       |       |       |     5 |       ||     5
       Confused          |       |       |       |       |       |       |     2 ||     2
       Distracted        |       |       |       |       |       |       |     1 ||     1
Armor: Scale mail        |    39 |    28 |   111 |   215 |       |       |       ||   393
       Skin              |       |       |       |     5 |       |       |       ||     5
       Plate armour      |       |       |       |   138 |    77 |       |       ||   215
       Quicksilver drago |       |       |       |       |   416 |       |       ||   416
       Pearl dragon scal |       |       |       |       |     3 |   697 |       ||   700
       Crystal plate arm |       |       |       |       |       |   106 |   745 ||   851
Dodge: Dodged            |    29 |    30 |   133 |   531 |   532 |  1287 |   828 ||  3370
       Repelled          |       |       |       |     1 |     6 |    10 |    26 ||    43
Block: Kite shield       |    46 |    30 |   211 |     8 |       |       |       ||   295
       Other             |       |       |       |   136 |   612 |   977 |   587 ||  2312
       Reflection        |       |       |       |     2 |     3 |     5 |       ||    10

Table legend: (Time is in decaauts)
 A = Elapsed time spent in this place.
 B = Non-inter-level travel time spent in this place.
 C = Inter-level travel time spent in this place.
 D = Time resting spent in this place.
 E = Time spent auto-exploring this place.
 F = Levels seen in this place.
 G = Mean time per level.
                   A        B        C        D        E       F      G
               +--------+--------+--------+--------+--------+-----+--------+
         Total |  29183 |  26682 |   2501 |    697 |  19271 |  37 |  788.7 |
       Dungeon |  14141 |  12540 |   1601 |    425 |   9622 |  15 |  942.7 |
          Lair |   5442 |   4956 |    486 |    170 |   3717 |   6 |  907.0 |
         Swamp |   2132 |   1998 |    134 |      0 |   1461 |   4 |  533.0 |
   Spider Nest |   2780 |   2676 |    104 |     74 |   1909 |   4 |  695.0 |
  Orcish Mines |   1135 |   1041 |     94 |      0 |    793 |   2 |  567.5 |
   Elven Halls |   1781 |   1701 |     80 |      0 |   1257 |   3 |  593.7 |
         Abyss |   1357 |   1357 |      0 |     28 |    326 |   1 | 1357.0 |
        Bazaar |     32 |     32 |      0 |      0 |      3 |   1 |   32.0 |
      Ice Cave |    378 |    378 |      0 |      0 |    183 |   1 |  378.0 |
               +--------+--------+--------+--------+--------+-----+--------+

Top non-repeatable levels by time:
 Abyss:3: 1357 daAuts
     D:5: 1357 daAuts
     D:4: 1309 daAuts
     D:3: 1268 daAuts
    D:11: 1168 daAuts
  Lair:3: 1154 daAuts
     D:1: 1151 daAuts
    D:14: 1096 daAuts
   Elf:1: 1060 daAuts
  Lair:2: 1035 daAuts
     D:7: 1003 daAuts
     D:2: 973 daAuts
  Lair:5: 972 daAuts
Spider:4: 937 daAuts
   Orc:2: 929 daAuts
